Map: Dreamcatcher LE

Players

Lambo - Winner!

  • Race: Zerg Zerg
  • Spawn Location: 11:00

Jehuty

  • Race: Protoss Protoss
  • Spawn Location: 5:00

Event: WCS Valencia 2018

VOD

Have the link to the VOD?

Description

Time

  • Played on: July 12, 2018, 6:28 a.m.
  • Length: 6:42

All games in this series

Show
View Real Time Build Order
Export as new Build Order

Lambo Zerg - Winner!

Build Orders: Hatch First 

Get SALT Encoding   

  12  0:00  Drone  
  13  0:12  Overlord  
  13  0:17  Drone  
  14  0:30  Drone  
  14  0:32  Drone  
  16  0:48  Hatchery  
  15  0:51  Drone  
  15  0:55  Drone  
  17  0:58  Drone  
  18  1:09  Extractor  
  17  1:13  Spawning Pool  
  17  1:17  Drone  
  17  1:20  Drone  
  18  1:28  Drone  
  19  1:40  Drone  
  20  1:50  Overlord  
  20  2:00  Zergling x4, Queen x2  
  26  2:09  Metabolic Boost  
  26  2:10  Drone  
  26  2:11  Drone  
  28  2:22  Drone  
  29  2:29  Drone  
  30  2:36  Hatchery  
  29  2:38  Drone  
  29  2:42  Drone  
  31  2:44  Drone  
  31  2:47  Overlord  
  32  2:55  Queen  
  32  2:58  Drone  
  35  3:07  Drone  
  35  3:08  Drone  
  35  3:09  Drone x3  
  35  3:12  Overlord  
  40  3:15  Drone x2  
  40  3:18  Drone  
  43  3:25  Drone  
  44  3:31  Overlord  
  44  3:32  Queen  
  46  3:35  Lair  
  46  3:39  Drone  
  47  3:48  Drone x3  
  50  3:51  Drone x2  
  50  3:52  Roach Warren  
  50  3:54  Extractor, Drone  
  51  3:55  Extractor  
  51  3:57  Drone x2  
  51  4:01  Drone  
  51  4:02  Drone  
  54  4:08  Drone  
  55  4:10  Drone x2  
  55  4:15  Drone x2  
  59  4:17  Overlord  
  59  4:19  Drone x3  
  59  4:21  Extractor  
  59  4:22  Drone  
  62  4:30  Drone  
  63  4:33  Glial Reconstitution  
  63  4:35  Overlord  
  63  4:37  Overseer  
  63  4:42  Roach x5  
  63  4:44  Overlord  
  73  4:47  Overlord  
  73  4:48  Overlord  
  73  4:49  Overseer  
  73  4:52  Overlord  
  73  4:56  Roach x2  
  81  5:00  Roach x2  
  81  5:03  Roach  
  83  5:09  Roach x3  
  83  5:11  Overseer  
  89  5:15  Roach x3  
  89  5:19  Overlord  
  95  5:23  Roach x3  
  95  5:25  Overlord  
  95  5:27  Roach  
  103  5:32  Roach x2  
  107  5:39  Zergling x6, Roach x2  
  114  5:45  Zergling x2, Roach x2  
  114  5:48  Ravager  
  114  5:49  Zergling x2, Roach x2  
  125  5:55  Zergling x2, Roach x2  
  130  5:58  Overlord  
  130  6:01  Overlord  
  130  6:02  Overlord  
  130  6:05  Overlord  
  130  6:16  Zergling x14  
  135  6:23  Zergling x4, Roach  
Show
View Real Time Build Order
Export as new Build Order

Jehuty Protoss 

Build Orders: 1 Gate Expand, Zealot Archon, Dark Templar Rush 

Get SALT Encoding   

  1  0:00  Probe  
  12  0:06  Probe  
  14  0:18  Pylon  
  14  0:23  Probe  
  15  0:36  Probe  
  15  0:38  Gateway  
  16  0:48  Probe  
  17  0:58  Probe  
  18  1:06  Probe  
  19  1:14  Probe  
  20  1:24  Nexus  
  20  1:31  Cybernetics Core  
  20  1:37  Assimilator  
  20  1:42  Assimilator  
  20  1:49  Probe  
  20  1:51  Pylon  
  21  2:00  Probe  
  22  2:08  Probe  
  22  2:09  Adept  
  25  2:16  Probe  
  25  2:18  Pylon  
  26  2:27  Probe  
  26  2:34  Warp Gate  
  26  2:37  Twilight Council  
  26  2:38  Probe  
  27  2:46  Probe  
  27  2:47  Probe, Pylon  
  29  3:00  Probe  
  29  3:10  Shield Battery  
  29  3:11  Twilight Council, Probe  
  29  3:14  Probe  
  29  3:19  Probe  
  31  3:26  Probe  
  33  3:28  Robotics Facility  
  33  3:31  Adept  
  33  3:35  Dark Shrine, Probe  
  33  3:38  Probe  
  37  3:47  Probe  
  38  3:50  Probe  
  38  3:51  Assimilator  
  39  3:59  Probe  
  39  4:00  Gateway  
  40  4:04  Gateway  
  40  4:09  Gateway  
  40  4:13  Probe, Pylon  
  40  4:15  Probe  
  40  4:17  Observer  
  43  4:21  Probe  
  43  4:27  Probe  
  43  4:30  Probe  
  45  4:35  Probe  
  45  4:36  Warp Prism  
  48  4:42  Probe  
  48  4:43  Probe  
  51  4:54  Probe  
  51  4:59  Nexus  
  52  5:01  Pylon  
  52  5:03  Probe  
  52  5:06  Probe  
  54  5:15  Gateway  
  54  5:18  Probe  
  54  5:21  Assimilator  
  55  5:24  Dark Templar x4  
  55  5:28  Archon x2  
  63  5:30  Probe x2  
  63  5:32  Immortal  
  65  5:42  Probe x2  
  71  5:52  Shield Battery  
  71  5:53  Gateway  
  71  5:54  Probe  
  71  5:55  Pylon, Probe  
  68  6:06  Probe  
  68  6:07  Sentry  
  67  6:12  Sentry x2  
  67  6:13  Sentry  
Tags
 
Add a new tag
Caveats
  • Supply blocks, unpowered buildings, or Contaminate may cause inaccurate times.
  • Supply counts are checked every 10 seconds.